 Dungeon Crawl Stone Soup version 0.28.0-53-g5a82cb258f (webtiles) character file.

Game seed: 2300339996343185222

672895 Peloso the Minotaur Barricade (level 27, -9/245 HPs)
             Began as a Minotaur Fighter on May 23, 2022.
             Was the Champion of Okawaru.
             Mangled by a searing wretch (10 damage)
             ... on level 17 of a ziggurat.
             The game lasted 04:25:32 (70972 turns).

Peloso the Minotaur Barricade (Minotaur Fighter)   Turns: 70972, Time: 04:25:33

Health: -9/245     AC: 48    Str: 48    XL:     27
Magic:  17/18      EV: 18    Int:  6    God:    Okawaru [******]
Gold:   4862       SH: 33    Dex: 16    Spells: 29/29 levels left

rFire   + + .      SeeInvis +   a - +10 double sword "Akkeeq" {freeze, Str+4}
rCold   + . .      Faith    .   k - +8 tower shield of Cowardice {Regen+ rCorr MP-9 Dex+4}
rNeg    . . .      Spirit   .   j - +9 gold dragon scales
rPois   +          Reflect  .   p - +0 hat "Siopoes" {rElec Int-4 Slay+2}
rElec   +          Harm     .   I - +1 cloak "Ocobe" {*Slow Fly rF+ Str+7}
rCorr   +          Rampage  ∞   P - +2 pair of gloves "Isipp" {rF+ Regen+ Int+3}
Will    ++++.                   n - +3 pair of seven-league boots {Rampage+∞}
Stlth   ..........              d - amulet of regeneration
HPRegen 2.90/turn               D - ring "Pamial" {rF- Will+ Str+6 Int+2}
MPRegen 0.16/turn               V - ring of Perfectionism {Will+ Slay+3 SInv}

@: on fire, heroic, flying, glowing, studying 2 skills
A: horns 2, retaliatory headbutt, see invisible, frail 1, low MP 1, weak 1
}: 4/15 runes: serpentine, barnacled, slimy, silver
a: Renounce Religion, Heroism, Finesse, Duel


You were on level 17 of a ziggurat.
You worshipped Okawaru.
Okawaru was exalted by your worship.
You visited 12 branches of the dungeon, and saw 54 of its levels.
You visited the Abyss 2 times.
You visited 1 bazaar.
You visited 1 ziggurat, and saw 17 of its levels.
You also visited: Sewer, Bailey, Gauntlet and Ice Cave.

You collected 11784 gold pieces.
You spent 6922 gold pieces at shops.

Inventory:

Hand Weapons
 a - the +10 double sword "Akkeeq" (weapon) {freeze, Str+4}
   (Okawaru gifted it to you on level 3 of the Elven Halls)

   It freezes those it strikes, dealing additional cold damage.
   It can also slow down cold-blooded creatures.
   Str:       It affects your strength (+4).
 b - the +1 double sword of Okawaru's Hatred {flame, rCorr}
   (Okawaru gifted it to you on level 1 of the Depths)

   It burns those it strikes, dealing additional fire damage.
   Big, fiery blades are also staple armaments of hydra-hunters.
   rCorr:     It protects you from acid and corrosion.
Armour
 j - +9 gold dragon scales (worn)
 k - the +8 tower shield of Cowardice (worn) {Regen+ rCorr MP-9 Dex+4}
   (You bought it in a shop on level 14 of the Dungeon)

   Dex:       It affects your dexterity (+4).
   MP:        It affects your magic capacity (-9).
   Regen:     It increases your rate of health regeneration.
   rCorr:     It protects you from acid and corrosion.
 n - the +3 pair of seven-league boots (worn) {Rampage+∞}
   (Okawaru gifted it to you on level 6 of a ziggurat)

   Its wearer moves as far as possible in that direction when moving towards
   enemies.
 p - the +0 hat "Siopoes" (worn) {rElec Int-4 Slay+2}
   (Okawaru gifted it to you on level 1 of the Lair of Beasts)

   Int:       It affects your intelligence (-4).
   Slay:      It affects your accuracy & damage with ranged weapons and melee
   (+2).
   rElec:     It insulates you from electricity.
 I - the +1 cloak "Ocobe" (worn) {*Slow Fly rF+ Str+7}
   (You bought it in a shop on level 3 of the Snake Pit)

   Str:       It affects your strength (+7).
   rF:        It protects you from fire.
   Fly:       It grants you flight.
   *Slow:     It may slow you when you take damage.
 M - the +5 plate armour "Caitemu" {Regen+ rCorr Dex+2 SInv}
   (You bought it in a shop on level 4 of the Dungeon)

   Dex:       It affects your dexterity (+2).
   SInv:      It lets you see invisible.
   Regen:     It increases your rate of health regeneration.
   rCorr:     It protects you from acid and corrosion.
 P - the +2 pair of gloves "Isipp" (worn) {rF+ Regen+ Int+3}
   (Okawaru gifted it to you on level 13 of a ziggurat)

   Int:       It affects your intelligence (+3).
   rF:        It protects you from fire.
   Regen:     It increases your rate of health regeneration.
 Q - the +18 shield of the Gong {rElec rN+ Will+ EV-5}
   (You found it on level 13 of a ziggurat)

   It is deafeningly noisy when blocking attacks.
   EV:        It affects your evasion (-5).
   rElec:     It insulates you from electricity.
   rN:        It protects you from negative energy.
   Will:      It increases your willpower.
Jewellery
 d - an amulet of regeneration (around neck)
 l - the ring "Aselics" {MP+9 Dex+4}
   (You found it on level 5 of a ziggurat)

   [ring of magical power]

   Dex:       It affects your dexterity (+4).
   MP:        It affects your magic capacity (+9).
 o - the ring "Neawutt" {Ice Slay+4}
   (You found it on level 6 of a ziggurat)

   [ring of ice]

   It enhances your ice magic.
   Slay:      It affects your accuracy & damage with ranged weapons and melee
   (+4).
   rF:        It makes you vulnerable to fire.
   rC:        It protects you from cold.
 D - the ring "Pamial" (left hand) {rF- Will+ Str+6 Int+2}
   (You found it on level 3 of the Crypt)

   [ring of strength]

   Str:       It affects your strength (+6).
   Int:       It affects your intelligence (+2).
   rF:        It makes you vulnerable to fire.
   Will:      It increases your willpower.
 J - the amulet "Eriopeur" {Faith Regen+}
   (You found it on level 11 of a ziggurat)

   [amulet of faith]

   It allows you to gain divine favour quickly.
   Regen:     It increases your rate of health regeneration.
 K - an amulet of reflection
 L - the amulet "Winkubruer" {Faith rN+ Will+ Int+2 Dex+3}
   (You found it on level 11 of a ziggurat)

   [amulet of faith]

   It allows you to gain divine favour quickly.
   Int:       It affects your intelligence (+2).
   Dex:       It affects your dexterity (+3).
   rN:        It protects you from negative energy.
   Will:      It increases your willpower.
 R - the ring "Asaaripe" {rN++ MP+9 Dex+6}
   (You found it on level 13 of a ziggurat)

   [ring of dexterity]

   Dex:       It affects your dexterity (+6).
   rN:        It greatly protects you from negative energy.
   MP:        It affects your magic capacity (+9).
 V - the ring of Perfectionism (right hand) {Will+ Slay+3 SInv}
   (You took it off a vault warden on level 5 of the Vaults)

   [ring of see invisible]

   Slay:      It affects your accuracy & damage with ranged weapons and melee
   (+3).
   SInv:      It lets you see invisible.
   Will:      It increases your willpower.
 X - the amulet of Kojuegg {Faith rF++ Str+2}
   (You found it on level 15 of a ziggurat)

   [amulet of faith]

   It allows you to gain divine favour quickly.
   Str:       It affects your strength (+2).
   rF:        It greatly protects you from fire.
 Y - the ring "Wity" {rElec rF- rN+ rCorr Str+8}
   (You found it on level 15 of a ziggurat)

   [ring of positive energy]

   Str:       It affects your strength (+8).
   rF:        It makes you vulnerable to fire.
   rElec:     It insulates you from electricity.
   rN:        It protects you from negative energy.
   rCorr:     It protects you from acid and corrosion.
Wands
 E - a wand of paralysis (14)
 W - a wand of digging (6)
Scrolls
 c - 5 scrolls of fog
 e - 8 scrolls of immolation
 f - 32 scrolls of teleportation
 h - 5 scrolls of holy word
 i - 4 scrolls of blinking
 s - 7 scrolls of magic mapping
 u - 4 scrolls of enchant weapon
 F - 8 scrolls of noise
 S - a scroll of silence
Potions
 r - 5 potions of cancellation
 t - 6 potions of magic
 v - 13 potions of curing
 z - a potion of invisibility
 B - 11 potions of mutation
 G - a potion of experience
 H - 3 potions of berserk rage
 N - 3 potions of haste
 O - 7 potions of might


   Skills:
 O Level 27 Fighting
 + Level 3.0(21.9) Short Blades
 O Level 27 Long Blades
 + Level 2.5(9.2) Axes
 + Level 4.2(9.9) Maces & Flails
 + Level 2.6(8.6) Polearms
 + Level 2.5(9.2) Staves
 + Level 2.5(8.0) Slings
 + Level 2.4(7.4) Bows
 + Level 2.2(7.2) Crossbows
 + Level 2.2(7.7) Throwing
 O Level 27 Armour
 + Level 13.3(18.3) Dodging
 + Level 9.4(14.4) Stealth
 O Level 27 Shields
 + Level 2.4(7.4) Unarmed Combat
 + Level 1.6 Spellcasting
 + Level 1.5 Conjurations
 + Level 1.3 Hexes
 + Level 1.4 Summonings
 + Level 1.7 Necromancy
 + Level 1.9 Translocations
 + Level 1.6 Transmutations
 + Level 1.5 Fire Magic
 + Level 1.6 Ice Magic
 + Level 1.5 Air Magic
 + Level 1.8 Earth Magic
 + Level 1.5 Poison Magic
 + Level 11.2 Invocations
 + Level 4.4 Evocations


You had 29 spell levels left.
You didn't know any spells.
Your spell library contained the following spells:

 Spells                   Type           Power      Damage    Failure   Level
 Apportation              Tloc           4%         N/A       50%         1
 Beastly Appendage        Tmut           4%         N/A       52%         1
 Pain                     Necr           8%         1d4       52%         1
 Foxfire                  Conj/Fire      8%         2x1d4     54%         1
 Freeze                   Ice            8%         1d3       54%         1
 Magic Dart               Conj           8%         1d3       54%         1
 Shock                    Conj/Air       8%         1d3       54%         1
 Sting                    Tmut/Pois      8%         1d3       54%         1
 Slow                     Hex            8%         N/A       56%         1
 Blink                    Tloc           4%         N/A       63%         2
 Passwall                 Tmut/Erth      1%         N/A       65%         2
 Sublimation of Blood     Necr           2%         N/A       65%         2
 Corpse Rot               Necr/Air       4%         N/A       67%         2
 Wereblood                Tmut           2%         N/A       67%         2
 Ensorcelled Hibernation  Hex/Ice        4%         N/A       69%         2
 Scorch                   Fire           4%         2d5       69%         2
 Searing Ray              Conj           4%         2d4       69%         2
 Static Discharge         Conj/Air       2%         N/A       69%         2
 Poisonous Vapours        Pois/Air       4%         N/A       71%         2
 Gell's Gravitas          Tloc           2%         N/A       86%         3
 Lesser Beckoning         Tloc           2%         N/A       86%         3
 Teleport Other           Tloc           2%         N/A       86%         3
 Vampiric Draining        Necr           2%         2d6       87%         3
 Frozen Ramparts          Ice            4%         1d2       88%         3
 Ozocubu's Armour         Ice            2%         N/A       88%         3
 Portal Projectile        Hex/Tloc       4%         N/A       88%         3
 Spider Form              Tmut/Pois      2%         N/A       88%         3
 Stone Arrow              Conj/Erth      4%         3d7       88%         3
 Conjure Flame            Conj/Fire      2%         6-21      89%         3
 Ignite Poison            Fire/Tmut/Pois 2%         N/A       89%         3
 Mephitic Cloud           Conj/Pois/Air  2%         N/A       89%         3
 Dazzling Flash           Conj/Hex       4%         N/A       90%         3
 Inner Flame              Hex/Fire       2%         N/A       90%         3
 Swiftness                Air            2%         N/A       90%         3
 Confusing Touch          Hex            2%         N/A       91%         3
 Dispel Undead            Necr           2%         3d7       99%         4
 Hailstorm                Conj/Ice       2%         3d3       99%         4
 Ice Form                 Ice/Tmut       2%         N/A       99%         4
 Iskenderun's Mystic Bla  Conj/Tloc      2%         2d3       99%         4
 Leda's Liquefaction      Hex/Erth       1%         N/A       99%         4
 Passage of Golubria      Tloc           2%         N/A       99%         4
 Petrify                  Tmut/Erth      2%         N/A       99%         4
 Airstrike                Air            1%         N/A       100%        4
 Anguish                  Hex/Necr       1%         N/A       100%        4
 Cause Fear               Hex            1%         N/A       100%        4
 Flame Wave               Conj/Fire      2%         2d4       100%        4
 Olgreb's Toxic Radiance  Pois           2%         N/A       100%        4
 Sticky Flame             Conj/Fire      2%         2d3       100%        4
 Agony                    Necr           2%         N/A       100%        5
 Alistair's Intoxication  Tmut/Pois      1%         N/A       100%        5
 Blade Hands              Tmut           1%         N/A       100%        5
 Fireball                 Conj/Fire      1%         3d3       100%        5
 Freezing Cloud           Conj/Ice/Air   1%         6-21      100%        5
 Irradiate                Conj/Tmut      1%         3d13      100%        5
 Iskenderun's Battlesphe  Conj           2%         2d6       100%        5
 Lee's Rapid Deconstruct  Erth           1%         3d5*      100%        5
 Lightning Bolt           Conj/Air       1%         1d12      100%        5
 Manifold Assault         Tloc           2%         N/A       100%        5
 Metabolic Englaciation   Hex/Ice        1%         N/A       100%        5
 Silence                  Hex/Air        1%         N/A       100%        5
 Yara's Violent Unravell  Hex/Tmut       1%         3d3       100%        5
 Dispersal                Tloc           1%         N/A       100%        6
 Starburst                Conj/Fire      1%         6d3       100%        6
 Statue Form              Tmut/Erth      1%         N/A       100%        6
 Dragon Form              Tmut           1%         N/A       100%        7
 Enfeeble                 Hex            1%         N/A       100%        7
 Orb of Destruction       Conj           1%         9d5       100%        7
 Ozocubu's Refrigeration  Ice            1%         4d5       100%        7
 Storm Form               Tmut/Air       1%         N/A       100%        7
 Discord                  Hex            1%         N/A       100%        8
 Disjunction              Tloc           1%         N/A       100%        8
 Ignition                 Fire           1%         3d3       100%        8
 Lehudib's Crystal Spear  Conj/Erth      1%         10d2      100%        8
 Maxwell's Capacitive Co  Air            1%         ∞         100%        8
 Chain Lightning          Conj/Air       1%         3d1       100%        9
 Fire Storm               Conj/Fire      1%         7d1       100%        9
 Polar Vortex             Ice            1%         N/A       100%        9
 Shatter                  Erth           1%         3d5*      100%        9
 Animate Skeleton         Necr           Unusable   N/A       N/A         1
 Summon Small Mammal      Summ           Unusable   N/A       N/A         1
 Call Imp                 Summ           Unusable   N/A       N/A         2
 Summon Guardian Golem    Hex/Summ       Unusable   N/A       N/A         3
 Tukima's Dance           Hex            Unusable   N/A       N/A         3
 Animate Armour           Summ/Erth      Unusable   N/A       N/A         4
 Summon Mana Viper        Hex/Summ       Unusable   N/A       N/A         5
 Simulacrum               Ice/Necr       Unusable   N/A       N/A         6
 Summon Cactus Giant      Summ           Unusable   N/A       N/A         6
 Spellforged Servitor     Conj/Summ      Unusable   N/A       N/A         7
 Summon Hydra             Summ           Unusable   N/A       N/A         7
 Dragon's Call            Summ           Unusable   N/A       N/A         9

Dungeon Overview and Level Annotations

Branches:
Dungeon (15/15)            Temple (1/1) D:5            Lair (6/6) D:8
 Shoals (4/4) Lair:4        Snake (4/4) Lair:3        Slime (5/5) Lair:6
    Orc (2/2) D:11            Elf (3/3) Orc:2        Vaults (5/5) D:14
  Crypt (3/3) Vaults:2       Tomb (0/3) Crypt:3      Depths (4/4) D:15
    Zot (2/5) Depths:4      Sewer (visited)          Bailey (visited)
  IceCv (visited)         Gauntlet (visited)

Altars:
Ashenzari
Cheibriados
Elyvilon
Gozag
Hepliaklqana
Kikubaaqudgha
Makhleb
Okawaru
Uskayaw
Vehumet
Xom
Yredelemnul
Beogh
Jiyva

Shops:
D:4 [   D:5 [   D:8 :   D:14 !*:   Orc:1 [:=   Orc:2 ::*([   Elf:1 [
Elf:3 *:(**   Shoals:2 **   Snake:3 [   Snake:4 (:[[?   Vaults:1 *
Depths:2 *=   Depths:3 ![*

Portals:
Hell: Depths:1 Depths:2 Depths:3 Depths:4
Abyss: Depths:1 Depths:2 Depths:3
Pandemonium: Depths:2 Depths:4

Annotations:
D:9 Casa
D:13 1 runed translucent door


Innate Abilities, Weirdness & Mutations

You have a pair of horns on your head.
You reflexively headbutt those who attack you in melee.
You have supernaturally acute eyesight. (SInv)
You are frail. (-10% HP)
Your magical capacity is low. (-10% MP)
You are weak. (Str -2)


Message History

Found three items.
You are covered in liquid flames!
* * * LOW HITPOINT WARNING * * *
You flicker back into view.
The searing wretch's inner flame fades away.
The balrug gestures at you. Something smites you!
* * * LOW HITPOINT WARNING * * *
The hellephant is engulfed in blazing flames.
Flame seeps out of the hellephant.
The hellephant blinks!
The searing wretch barely misses you.
You block the searing wretch's attack. x2
The hellephant is engulfed in blazing flames.
Flame seeps out of the hellephant.
Found seven items.
You are covered in liquid flames!
* * * LOW HITPOINT WARNING * * *
The searing wretch's inner flame fades away.
The hellephant blinks!
The hellephant is engulfed in blazing flames.
Flame seeps out of the hellephant.
The balrug gestures at you.
The bolt of fire hits the searing wretch.
The searing wretch completely resists.
The bolt of fire hits you! You resist.
* * * LOW HITPOINT WARNING * * *
You slice the searing wretch!! You headbutt the searing wretch.
The searing wretch is moderately damaged.
You are covered in liquid flames!
* * * LOW HITPOINT WARNING * * *
The hellephant is engulfed in blazing flames.
Flame seeps out of the hellephant.
Unknown command.
You open the balrug like a pillowcase!!!!
You freeze the balrug!
You kill the balrug!
Okawaru accepts your kill.
You are covered in liquid flames!
The searing wretch claws you.
* * * LOW HITPOINT WARNING * * *
You are engulfed in flames!
You resist.
You die...

▓▓▓▓▓▓▓▓▓▓▓▓▓
▓...........▓
▓...........▓
▓.......)...▓
▓......§L§.Y▓
▓▓▓▓▓▓...).°○Yp..▓▓▓▓▓▓▓
..).......○.nnn2n.......
.).....#....)..#@.......
.......##...n2##.......=
...........p22.........|
......................?)
............Y2........)?
......................!|
.......................)
.......##.)...##.......)
.......#.2.....#


You could see 2 hellephants, 4 searing wretches, a stoker (inner flame), a
balrug, a hell knight (fast) and a hellion (inner flame).

Vanquished Creatures
  the Royal Jelly (Slime:5)
  Khufu (Crypt:1)
  A dread lich (Vaults:5)
  An ancient lich (Zig:12)
  3 orbs of fire (Zig:11)
  Boris (twice) (Crypt:2 Depths:4)
  3 royal mummies
  3 Killer Klowns (Zig:13)
  2 shard shrikes (Zig:14)
  4 caustic shrikes (Depths:4)
  5 golden dragons
  3 pandemonium lords
  Nikola (Shoals:2)
  The ghost of Flure the Imperceptible, a veteran KoBr of Dithmenos (Depths:2)
  Jory (Crypt:2)
  3 bone dragons
  An iron giant (shapeshifter) (Zig:13)
  A hellephant (Arena)
  6 tentacled monstrosities
  Rupert (D:14)
  4 Ice Fiends
  2 deep elf blademasters (Elf:3)
  Asterion (Depths:2)
  8 titans
  6 liches
  11 acid blobs (Slime:5)
  4 deep elf master archers (Elf:3)
  3 krakens
  6 sphinxes
  2 quicksilver dragons (Vaults:5)
  11 ancient champions
  Frances (D:13)
  Donald (Shoals:2)
  3 storm dragons
  7 shadow dragons
  8 rockslimes
  10 tengu reavers
  7 fire giants
  3 draconian monks
  Roxanne (D:15)
  11 nagarajas
  9 azure jellies
  7 revenants
  4 emperor scorpions
  3 draconian knights
  10 deep elf sorcerers
  A ghost moth (Zig:16)
  28 vault wardens
  6 orc warlords
  An iron dragon (Depths:4)
  13 frost giants
  Aizul (Crypt:1)
  14 balrugs
  2 curse skulls
  A draconian shifter (Zot:1)
  17 ironbound preservers
  Louise (D:14)
  3 spriggan defenders
  8 war gargoyles
  5 ghouls
  2 deep elf elementalists
  6 ironbound thunderhulks
  10 quicksilver oozes
  2 draconian annihilators (Zig:12)
  2 demonspawn blood saints (Zig:12)
  21 very ugly things
  11 stone giants
  2 broodmothers
  3 reapers
  A caustic shrike skeleton (Crypt:2)
  A green draconian (Depths:4)
  An eleionoma (Zig:10)
  8 vampire knights
  4 black draconians (Depths:4)
  3 wendigos
  4 yellow draconians
  8 dire elephants
  4 minotaurs
  2 red draconians
  A lorocyproca (Abyss:3)
  3 bunyips (Zig:10)
  7 entropy weavers
  6 deep elf demonologists
  11 deep elf annihilators
  9 spark wasps
  Snorg (D:10)
  3 eidola
  3 merfolk javelineers
  2 white draconians (Depths:4)
  The ghost of Yqoodd the Thaumaturge, a journeyman GnWr of Kikubaaqudgha (D:13)
  8 deep elf death magi
  4 blizzard demons
  9 fire dragons
  Josephine (Shoals:1)
  2 crystal guardians (Vaults:2)
  12 jiangshi
  2 mummy priests (Zig:9)
  20 ettins
  3 deep elf high priests (Elf:3)
  Fannar (Lair:2)
  16 yaktaur captains
  8 great orbs of eyes
  6 ice dragons
  7 naga warriors
  A spriggan zombie (Crypt:2)
  A merfolk impaler (Shoals:3)
  2 salamander tyrants
  5 peacekeepers
  47 vault guards
  A juggernaut simulacrum (Zig:14)
  The ghost of Puadotz the Destroyer, a journeyman DgCj (Lair:4)
  A rakshasa (Depths:2)
  5 boulder beetles
  15 anacondas
  12 hydras
  6 spriggan air magi
  An ogre mage (Vaults:5)
  2 jorogumos (Zig:16)
  A hell beast (Depths:3)
  A two-headed ogre (shapeshifter) (Vaults:5)
  14 centaur warriors
  2 radroaches
  7 two-headed ogres
  6 ironbound frosthearts
  2 alligator snapping turtles
  4 death knights
  3 merfolk aquamancers
  44 dancing weapons
  9 tengu warriors
  A titan zombie (Zig:7)
  2 alligators (Zig:10)
  14 satyrs
  5 deep troll shamans
  2 death scarabs (Gauntlet)
  4 orc high priests
  A hell hog (Zig:17)
  14 vampire magi
  10 shock serpents
  A spriggan berserker (Depths:3)
  7 deep troll earth magi
  Sonja (Lair:5)
  17 deep elf knights
  7 naga sharpshooters
  9 hell knights
  A pharaoh ant (Zig:6)
  A sixfirhy (Gauntlet)
  A titan skeleton (Crypt:3)
  3 soul eaters
  2 fire crabs (Zig:11)
  A sun moth (Zig:16)
  An iron troll (shapeshifter) (Zig:13)
  9 iron trolls
  40 skeletal warriors
  3 spark wasp zombies
  3 steelbarb worms (Zig:15)
  2 wretched stars (Abyss:3)
  The ghost of kalagan the Thaumaturge, a novice DECj of Sif Muna (Lair:1)
  A shadow wraith (Crypt:3)
  2 storm dragon skeletons
  4 flayed ghosts
  A deep troll (shapeshifter) (Vaults:5)
  A quicksilver dragon simulacrum (Crypt:3)
  2 glowing orange brains (Depths:3)
  A bunyip skeleton (Crypt:3)
  9 salamander mystics
  51 deep trolls
  10 wizards
  10 orc knights
  5 orb spiders
  8 sea snakes
  4 naga ritualists
  4 spriggan druids
  6 swamp dragons
  12 lindwurms
  A spectral hydra (Gauntlet)
  11 deep elf archers
  11 phantasmal warriors
  25 harpies
  A wolf spider (shapeshifter) (Zig:13)
  15 necromancers
  31 deep elf zephyrmancers
  A sphinx zombie (Depths:1)
  16 ironbound convokers
  A stone giant zombie (Crypt:2)
  7 shining eyes
  13 mana vipers
  4 orc sorcerers
  64 ugly things
  21 deep elf pyromancers
  A fire giant zombie (Crypt:1)
  5 wolf spiders
  An obsidian statue (Vaults:4)
  11 oklob plants (Zot:1)
  23 fauns
  18 salamanders
  A spectral boulder beetle (Gauntlet)
  6 cyclopes
  A manticore (shapeshifter) (Vaults:5)
  A tengu skeleton (Vaults:5)
  7 moths of wrath
  A moth of wrath (shapeshifter) (Vaults:5)
  26 manticores
  A frost giant skeleton (Zig:7)
  A fire giant skeleton (Zig:9)
  2 human skeletons (Vaults:1)
  11 naga magi
  A stone giant skeleton (Vaults:5)
  A water nymph (shapeshifter) (Zig:13)
  4 apocalypse crabs
  An eleionoma skeleton (Crypt:2)
  An elephant (shapeshifter) (Vaults:5)
  36 black mambas
  6 guardian serpents
  8 torpor snails
  An ice statue (IceCv)
  Joseph (D:10)
  2 water nymphs
  4 eyes of devastation
  8 centaur zombies
  12 merfolk sirens
  19 vault sentinels
  A kobold demonologist (D:6)
  2 cane toads (shapeshifter)
  6 gargoyles
  10 cane toads
  A hellion (Zig:17)
  An unseen horror (D:13)
  2 entropy weaver simulacra (IceCv)
  9 komodo dragons
  4 demonic crawlers
  2 tormentors
  An anaconda simulacrum (IceCv)
  3 ice devils (Zig:14)
  A catoblepas skeleton (Crypt:1)
  5 rime drakes
  40 yaktaurs
  A tengu conjurer (Depths:1)
  4 freezing wraiths
  2 efreet (Zig:11)
  10 guardian mummies
  A golden dragon simulacrum (Zig:14)
  A harpy zombie (Crypt:3)
  Grinder (D:6)
  11 wind drakes
  A hornet (shapeshifter) (D:15)
  4 trolls
  A meliai (shapeshifter) (Elf:1)
  7 meliai
  2 harpy skeletons
  A wind drake (shapeshifter) (Vaults:5)
  A tarantella (shapeshifter) (Vaults:5)
  4 tyrant leeches (Lair:6)
  4 raiju (Abyss:3)
  2 ettin zombies
  12 merfolk
  A death drake skeleton (Crypt:3)
  A troll (shapeshifter) (Elf:3)
  20 blink frogs
  5 tarantellas
  A tarantella zombie (Crypt:1)
  16 dream sheep
  14 hornets
  8 snapping turtles
  A spectral black mamba (Gauntlet)
  A dream sheep (shapeshifter) (Vaults:5)
  A blink frog (shapeshifter) (Elf:1)
  101 slime creatures
  4 large abominations (Abyss:3)
  3 air elementals
  3 culicivoras
  23 flying skulls
  2 dire elephant simulacra (IceCv)
  2 black mamba zombies (Crypt:1)
  An elf simulacrum (Vaults:2)
  18 water elementals
  3 jumping spiders
  4 wyverns
  14 wraiths
  38 yaks
  An ushabti (Zig:9)
  2 jumping spiders (shapeshifter)
  11 vampires
  6 spriggans
  11 fire elementals
  A redback (shapeshifter) (Vaults:1)
  A yak (shapeshifter) (Vaults:5)
  A tyrant leech zombie (Crypt:1)
  4 basilisks
  2 chaos spawn
  2 redbacks (Zig:15)
  9 golden eyes
  7 vampire mosquitoes
  A spectral komodo dragon (Lair:1)
  A catoblepas simulacrum (Lair:1)
  4 death yak simulacra (IceCv)
  A human zombie (Zig:9)
  6 wargs
  31 nagas
  A hydra simulacrum (Lair:1)
  A spectral cane toad (Lair:1)
  Pargi (Sewer)
  A floating eye (Depths:1)
  3 hell hounds
  12 water moccasins
  A hornet zombie (D:6)
  A sky beast (D:5)
  A sky beast (shapeshifter) (Elf:1)
  A water nymph skeleton (Crypt:3)
  28 orc warriors
  3 black bears
  2 ice beasts (Zig:14)
  6 ogres
  An orc zombie (Vaults:1)
  6 necrophages
  32 wolves
  A snapping turtle zombie (Crypt:3)
  A boggart (Depths:3)
  A swamp dragon zombie (Crypt:2)
  A manticore zombie (Crypt:3)
  A black mamba simulacrum (Lair:1)
  2 phantoms
  7 centaurs
  A blink frog skeleton (Crypt:2)
  A hog skeleton (Crypt:1)
  9 bullfrogs
  A kobold brigand (D:10)
  A cyclops zombie (Crypt:3)
  3 scorpions
  6 two-headed ogre simulacra (IceCv)
  A wyvern skeleton (D:7)
  5 earth elementals
  3 cane toad simulacra (IceCv)
  A water moccasin skeleton (D:6)
  An elephant simulacrum (IceCv)
  A shapeshifter zombie (Crypt:3)
  2 spriggan skeletons
  16 killer bees
  10 wights
  2 electric eels (Lair:6)
  A bullfrog zombie (D:6)
  2 lava snakes (Lair:6)
  18 orc priests
  A hound (D:5)
  7 jellies
  A gnoll shaman (D:6)
  A centaur skeleton (D:7)
  A bullfrog skeleton (D:7)
  A scorpion zombie (Crypt:3)
  2 iguanas
  16 orc wizards
  2 polar bear simulacra (IceCv)
  4 hell rats (Lair:3)
  5 spriggan simulacra
  A wolf simulacrum (IceCv)
  5 troll simulacra (IceCv)
  A dwarf zombie (Crypt:2)
  2 spectral hounds (Depths:3)
  A hound skeleton (D:4)
  30 mummies
  A howler monkey zombie (D:9)
  Robin (D:4)
  A gnoll (Bailey)
  12 adders
  6 naga simulacra (IceCv)
  10 river rats
  A swamp drake skeleton (Crypt:2)
  A shadow imp (D:6)
  6 white imps
  11 ufetubi
  A lava snake skeleton (Crypt:3)
  5 worms
  3 dart slugs
  53 orcs
  7 bats
  11 endoplasms
  3 giant cockroaches
  23 goblins
  11 hobgoblins
  3 jackals (D:2)
  3 quokkas
  4 ball pythons
  4 frilled lizards
  A gnoll zombie (Crypt:3)
  A jackal skeleton (Crypt:3)
  28 kobolds
  An orc skeleton (Crypt:2)
  A quokka zombie (Crypt:3)
  10 rats
  4 bushes (Zot:1)
  A butterfly (Depths:1)
  A fungus (Zot:1)
  A plant (Zot:1)
  A tentacle (Shoals:3)
2517 creatures vanquished.

Vanquished Creatures (others)
  A Killer Klown (Zig:13)
  A lich (D:13)
  A vampire mage (Crypt:2)
  A salamander mystic (Snake:4)
  A naga ritualist (Snake:4)
  4 deep elf pyromancers
  A wizard (Vaults:2)
  2 deep elf zephyrmancers
  A chaos spawn (Zig:13)
  An orc wizard (Orc:2)
  11 fungi
  49 plants
  24 tentacles
  16 withered plants
114 creatures vanquished.

Grand Total: 2631 creatures vanquished

Notes
Turn   | Place    | Note
-------+----------+-------------------------------------------
     0 | D:1      | Peloso the Minotaur Fighter began the quest for the Orb.
     0 | D:1      | Reached XP level 1. HP: 19/19 MP: 0/0
   246 | D:1      | Reached XP level 2. HP: 25/27 MP: 1/1
   466 | D:1      | Found a faded altar of an unknown god.
   991 | D:2      | Found a shimmering altar of Xom.
  1018 | D:2      | Reached XP level 3. HP: 31/33 MP: 2/2
  1358 | D:2      | Reached XP level 4. HP: 39/40 MP: 3/3
  1875 | D:3      | Reached XP level 5. HP: 8/46 MP: 4/4
  1878 | D:3      | HP: 2/46 [orc/+0 flail (4)]
  2317 | D:3      | Reached skill level 5 in Armour
  2317 | D:3      | Reached skill level 1 in Dodging
  2824 | D:3      | Reached skill level 5 in Long Blades
  3094 | D:4      | Noticed an ogre
  3094 | D:4      | Found Rimath's Antique Armour Boutique.
  3098 | D:4      | Killed an ogre
  3099 | D:4      | Reached XP level 6. HP: 40/53 MP: 5/5
  3289 | D:4      | Noticed Robin
  3335 | D:4      | HP: 2/53 [dart slug/slug dart (1)]
  3370 | D:4      | Reached XP level 7. HP: 9/60 MP: 6/6
  4006 | D:4      | Killed Robin
  4712 | D:5      | Entered Level 5 of the Dungeon
  4910 | D:5      | Found a glowing drain.
  4925 | Sewer    | Entered a sewer
  4983 | Sewer    | Noticed Pargi
  4993 | Sewer    | Killed Pargi
  5325 | D:5      | Found an opulent altar of Gozag.
  5386 | D:5      | Reached skill level 5 in Fighting
  5386 | D:5      | Reached XP level 8. HP: 60/68 MP: 5/7
  5559 | D:5      | Found Seem's Antique Armour Shoppe.
  5600 | D:5      | Reached skill level 5 in Shields
  5739 | D:5      | Found a staircase to the Ecumenical Temple.
  5748 | Temple   | Entered the Ecumenical Temple
  5804 | Temple   | Became a worshipper of Warmaster Okawaru
  6023 | D:6      | Noticed Grinder
  6040 | D:6      | Killed Grinder
  6125 | D:6      | Reached * piety under Okawaru
  6400 | D:6      | Noticed a two-headed ogre
  6972 | D:6      | Reached XP level 9. HP: 68/71 MP: 4/8
  8011 | D:7      | Reached skill level 1 in Stealth
  8244 | D:8      | Reached skill level 10 in Long Blades
  8245 | D:8      | Reached ** piety under Okawaru
  9151 | D:8      | Found Xoog Bal's Book Boutique.
  9265 | D:8      | Found a staircase to the Lair.
  9505 | D:9      | Reached XP level 10. HP: 58/88 MP: 6/9
  9509 | D:9      | Reached *** piety under Okawaru
  9592 | D:9      | HP: 2/78 [wight/+5 battleaxe (5)]
  9621 | D:9      | Reached skill level 10 in Armour
  9874 | D:9      | Found a flagged portal.
  9893 | Bailey   | Entered a bailey
  9942 | Bailey   | Noticed an orc warlord
 10030 | Bailey   | Found a runed translucent gate.
 10032 | Bailey   | Found a runed translucent gate.
 10034 | Bailey   | Found a runed translucent gate.
 10180 | Bailey   | Noticed an orc knight
 10195 | Bailey   | Killed an orc knight
 10196 | Bailey   | Reached skill level 1 in Invocations
 10353 | Bailey   | Killed an orc warlord
 10353 | Bailey   | Reached **** piety under Okawaru
 10684 | D:9      | Received a gift from Okawaru
 10755 | D:9      | Reached XP level 11. HP: 89/97 MP: 10/10
 11068 | D:10     | Entered Level 10 of the Dungeon
 11260 | D:10     | Noticed Snorg
 11260 | D:10     | Noticed Joseph
 11288 | D:10     | Killed Snorg
 11344 | D:10     | Reached ***** piety under Okawaru
 11355 | D:10     | Found an iron altar of Okawaru.
 11410 | D:10     | Killed Joseph
 11598 | D:11     | Found a staircase to the Orcish Mines.
 11651 | D:11     | Found a frozen archway.
 11654 | D:11     | Reached skill level 1 in Short Blades
 11654 | D:11     | Reached skill level 1 in Axes
 11654 | D:11     | Reached skill level 1 in Maces & Flails
 11654 | D:11     | Reached skill level 1 in Polearms
 11654 | D:11     | Reached skill level 1 in Staves
 11654 | D:11     | Reached skill level 1 in Slings
 11654 | D:11     | Reached skill level 1 in Bows
 11654 | D:11     | Reached skill level 1 in Crossbows
 11654 | D:11     | Reached skill level 1 in Throwing
 11654 | D:11     | Reached skill level 1 in Unarmed Combat
 11654 | D:11     | Reached skill level 1 in Spellcasting
 11654 | D:11     | Reached skill level 1 in Necromancy
 11654 | D:11     | Reached skill level 1 in Translocations
 11654 | D:11     | Reached skill level 1 in Evocations
 11654 | D:11     | Reached XP level 12. HP: 106/106 MP: 12/12
 11657 | IceCv    | Entered an ice cave
 12087 | IceCv    | Reached skill level 10 in Fighting
 12378 | IceCv    | Noticed a reaper
 12634 | IceCv    | Killed a reaper
 13223 | D:11     | Noticed a boulder beetle
 13252 | D:11     | Killed a boulder beetle
 13274 | D:11     | Noticed a five-headed hydra
 13289 | D:11     | Killed a five-headed hydra
 13413 | D:10     | Received a gift from Okawaru
 13929 | D:11     | Noticed a two-headed ogre
 13938 | D:11     | Killed a two-headed ogre
 14153 | D:11     | Found a viscous altar of Jiyva.
 14193 | D:10     | Reached XP level 13. HP: 48/117 MP: 11/14
 14950 | Orc:1    | Entered Level 1 of the Orcish Mines
 15166 | D:4      | Bought a steaming plate armour for 728 gold pieces
 15166 | D:4      | Identified the +5 plate armour "Caitemu" {Regen+ rCorr
                  | Dex+2 SInv} (You bought it in a shop on level 4 of the
                  | Dungeon)
 15284 | Lair:1   | Entered Level 1 of the Lair of Beasts
 15361 | Lair:1   | Identified the +0 hat "Siopoes" {rElec Int-4 Slay+2}
                  | (Okawaru gifted it to you on level 1 of the Lair of Beasts)
 15361 | Lair:1   | Received a gift from Okawaru
 15454 | Lair:1   | Found a runed translucent gate.
 15454 | Lair:1   | Found a runed translucent gate.
 15454 | Lair:1   | Found a runed translucent gate.
 15455 | Lair:1   | Noticed kalagan's ghost (novice DECj)
 16205 | Lair:2   | Noticed Fannar
 16341 | Lair:2   | Reached skill level 10 in Shields
 16356 | Lair:2   | Killed Fannar
 16643 | Lair:2   | You fall into a shaft and drop 1 floor!
 16909 | Lair:3   | Found a staircase to the Snake Pit.
 17115 | Lair:3   | Reached skill level 15 in Long Blades
 18077 | Lair:4   | Found a staircase to the Shoals.
 18180 | Lair:4   | Noticed Puadotz's ghost (journeyman DgCj)
 18182 | Lair:4   | Found a transporter.
 18186 | Lair:4   | Found a transporter.
 18259 | Lair:4   | Identified the +4 glaive of the Spectre {vorpal, rN+ Str-4
                  | Dex+7}
 18501 | Lair:4   | Identified the +0 leather armour "Veffeubb" {+Inv rElec
                  | Int-2 Slay+3}
 19180 | Orc:1    | Received a gift from Okawaru
 19298 | Orc:1    | Found Ceullili's Jewellery Emporium.
 19363 | Orc:1    | Found Ysaczamy's Book Boutique.
 19486 | Orc:1    | Found Juupher's Antique Armour Boutique.
 20785 | Orc:2    | Entered Level 2 of the Orcish Mines
 20806 | Orc:2    | Reached XP level 14. HP: 126/127 MP: 15/15
 20840 | Orc:2    | Found a burning altar of Makhleb.
 21011 | Orc:2    | Paralysed by an orc sorcerer for 5 turns
 21469 | Orc:2    | Noticed an orc warlord
 21559 | Orc:2    | Killed an orc warlord
 21657 | Orc:2    | Reached skill level 15 in Armour
 21687 | Orc:2    | Found Sigachec's Antique Armour Shoppe.
 21692 | Orc:2    | Found Tihi's General Store.
 21727 | Orc:2    | Bought a potion of heal wounds for 60 gold pieces
 21844 | Orc:2    | Found a staircase to the Elven Halls.
 21889 | Orc:2    | Found Litzuud's Self-Improvement Boutique.
 21986 | Orc:2    | Found Vycsog's Book Shoppe.
 22001 | Orc:2    | Found Kutyf's Antique Weapon Shoppe.
 22519 | Lair:5   | Received a gift from Okawaru
 22806 | Lair:5   | Noticed Sonja
 22815 | Lair:5   | Killed Sonja
 23209 | Lair:6   | Entered Level 6 of the Lair of Beasts
 23297 | Lair:6   | Identified the +0 robe of Absolutism {+Blink rC+ Str+4}
                  | (Okawaru gifted it to you on level 6 of the Lair of Beasts)
 23297 | Lair:6   | Received a gift from Okawaru
 23378 | Lair:6   | Reached ****** piety under Okawaru
 23519 | Lair:6   | Found a runed translucent door.
 23542 | Lair:6   | Found a viscous altar of Jiyva.
 23543 | Lair:6   | Found a staircase to the Slime Pits.
 23622 | Lair:6   | Found a runed translucent door.
 25095 | D:13     | Found a runed translucent door.
 25097 | D:13     | Noticed Yqoodd's ghost (journeyman GnWr)
 25099 | D:13     | Found a runed translucent door.
 25099 | D:13     | Noticed a lich
 25321 | D:13     | Received a gift from Okawaru
 25738 | D:14     | Reached XP level 15. HP: 130/138 MP: 16/16
 25973 | D:14     | Found Fuakk's Assorted Antiques.
 25991 | D:14     | Bought a twisted tower shield for 266 gold pieces
 25991 | D:14     | Identified the +8 tower shield of Cowardice {Regen+ rCorr
                  | MP-9 Dex+4} (You bought it in a shop on level 14 of the
                  | Dungeon)
 26017 | D:14     | Bought a murky white potion for 25 gold pieces
 26041 | D:14     | Noticed Louise
 26053 | D:14     | Noticed Frances
 26063 | D:14     | Cast into level 3 of the Abyss (Louise)
 26297 | D:14     | Escaped the Abyss
 26666 | D:13     | Killed Frances
 26718 | D:14     | Killed Louise
 26758 | D:14     | Reached skill level 15 in Shields
 26812 | D:14     | Found a gate to the Vaults.
 26873 | D:14     | Noticed Rupert
 26900 | D:14     | Paralysed by Rupert for 5 turns
 26909 | D:14     | Killed Rupert
 27049 | D:14     | Found Suneim's Distillery.
 27057 | D:14     | Bought a potion of might for 56 gold pieces
 27057 | D:14     | Bought a potion of might for 56 gold pieces
 27057 | D:14     | Bought 2 potions of might for 112 gold pieces
 27137 | D:14     | Found Joumm's Book Boutique.
 27227 | D:15     | Entered Level 15 of the Dungeon
 27307 | D:15     | Found a gate leading to a gauntlet.
 27313 | Gauntlet | Entered a Gauntlet
 27313 | Gauntlet | Found a large runed translucent door.
 27313 | Gauntlet | Found a large runed translucent door.
 27313 | Gauntlet | Found a large runed translucent door.
 27313 | Gauntlet | Found a large runed translucent door.
 27313 | Gauntlet | Found a runed translucent door.
 27313 | Gauntlet | Found a large runed translucent door.
 27313 | Gauntlet | Found a large runed translucent door.
 27313 | Gauntlet | Found a transporter.
 27313 | Gauntlet | Found a transporter.
 27313 | Gauntlet | Found a large runed translucent door.
 27313 | Gauntlet | Found a large runed translucent door.
 27313 | Gauntlet | Found a runed translucent gate.
 27313 | Gauntlet | Found a runed translucent gate.
 27313 | Gauntlet | Found a transporter.
 27314 | Gauntlet | Found a runed translucent door.
 27314 | Gauntlet | Found a runed translucent gate.
 27316 | Gauntlet | Found a large runed translucent door.
 27316 | Gauntlet | Found a large runed translucent door.
 27316 | Gauntlet | Found a large runed translucent door.
 27316 | Gauntlet | Found a large runed translucent door.
 27317 | Gauntlet | Found a large runed translucent door.
 27317 | Gauntlet | Found a large runed translucent door.
 27318 | Gauntlet | Found a large runed translucent door.
 27318 | Gauntlet | Found a large runed translucent door.
 27333 | Gauntlet | Found a transporter.
 27351 | Gauntlet | Found a transporter.
 27351 | Gauntlet | Found a transporter.
 27371 | Gauntlet | Found a transporter.
 27388 | Gauntlet | Found a transporter.
 27392 | Gauntlet | Found a transporter.
 27396 | Gauntlet | Found a transporter.
 27406 | Gauntlet | Found a transporter.
 27410 | Gauntlet | Found a transporter.
 27652 | Gauntlet | Identified the +0 hat of the Leaf {Rampage *Slow rC+ Int+4}
 27682 | Gauntlet | Received a gift from Okawaru
 28180 | D:15     | Noticed Roxanne
 28322 | D:15     | Noticed an emperor scorpion
 28377 | D:14     | Killed an emperor scorpion
 28378 | D:14     | Reached skill level 15 in Fighting
 28559 | D:15     | Found a staircase to the Depths.
 29058 | D:15     | Killed Roxanne
 30530 | Snake:1  | Entered Level 1 of the Snake Pit
 30792 | Snake:1  | Reached XP level 16. HP: 149/149 MP: 9/18
 31871 | Snake:2  | Received a gift from Okawaru
 32014 | Snake:2  | Identified the +0 pair of gloves of the Secret Knives
                  | {Will- rCorr SInv}
 32505 | Snake:3  | Found Gexioff's Armour Shop.
 32707 | Snake:3  | Received a gift from Okawaru
 32935 | Snake:3  | Bought the +1 cloak "Ocobe" {*Slow Fly rF+ Str+7} for 589
                  | gold pieces
 33098 | Lair:1   | Killed kalagan's ghost
 33114 | Lair:1   | Got the Almanac of Evil and Feathers
 33291 | Lair:4   | Killed Puadotz's ghost
 33572 | D:13     | Killed a lich
 33599 | D:13     | Killed Yqoodd's ghost
 33900 | Shoals:1 | Entered Level 1 of the Shoals
 34186 | Shoals:1 | Noticed Josephine
 34215 | Shoals:1 | Killed Josephine
 34826 | Shoals:2 | Found Zotwaiga's General Store.
 34830 | Shoals:2 | Found Egiung's Specific Store.
 34838 | Shoals:2 | Bought a potion of heal wounds for 80 gold pieces
 34900 | Shoals:2 | Noticed Donald
 34917 | Shoals:2 | Killed Donald
 35090 | Shoals:2 | Reached XP level 17. HP: 144/160 MP: 10/19
 35110 | Shoals:2 | Noticed Nikola
 35130 | Shoals:2 | Killed Nikola
 35513 | Shoals:3 | Identified the +10 hand crossbow "Yrchyinnepi" {vorpal,
                  | rElec rC- Will+ Int+2} (Okawaru gifted it to you on level 3
                  | of the Shoals)
 35513 | Shoals:3 | Received a gift from Okawaru
 35714 | Shoals:3 | Noticed a kraken
 35736 | Shoals:3 | Killed a kraken
 36415 | Shoals:3 | Noticed a kraken
 36429 | Shoals:3 | Killed a kraken
 36627 | Snake:4  | Entered Level 4 of the Snake Pit
 36675 | Snake:4  | Found Tiozani's Magic Scroll Shop.
 36682 | Snake:4  | Bought a scroll of fear for 56 gold pieces
 36682 | Snake:4  | Bought a scroll of fear for 56 gold pieces
 36797 | Snake:4  | Found Wacich's Antique Armour Shop.
 36804 | Snake:4  | Found Ocugaofecye's Book Shop.
 36815 | Snake:4  | Bought a runed hat for 168 gold pieces
 37010 | Snake:4  | Identified the +4 hat of Defiance {Harm *Corrode rElec
                  | SInv} (Okawaru gifted it to you on level 4 of the Snake
                  | Pit)
 37010 | Snake:4  | Received a gift from Okawaru
 37104 | Snake:4  | Found Rooricun's Antique Armour Emporium.
 37222 | Snake:4  | Found Ithray's Antique Weapon Emporium.
 37369 | Snake:4  | Reached skill level 5 in Dodging
 38113 | Snake:4  | Got a serpentine rune of Zot
 38400 | Shoals:4 | Entered Level 4 of the Shoals
 38522 | Shoals:4 | Identified the -3 cloak of Existentialism {Str+3} (Okawaru
                  | gifted it to you on level 4 of the Shoals)
 38522 | Shoals:4 | Received a gift from Okawaru
 38523 | Shoals:4 | Reached XP level 18. HP: 171/171 MP: 11/20
 38939 | Shoals:4 | Got a barnacled rune of Zot
 38941 | Shoals:4 | Identified the +2 leather armour "Weleik" {*Corrode rC++
                  | Dex+4 Stlth+}
 39121 | Shoals:4 | Got the Compendium of Poison and the Glacier
 39418 | Shoals:4 | Identified the +4 whip of Purpose {freeze, rF+++ rCorr}
 39862 | Elf:1    | Entered Level 1 of the Elven Halls
 40044 | Elf:1    | Got the Tome of Fire
 40092 | Elf:1    | Paralysed by an air elemental for 1 turns
 40116 | Elf:1    | Identified the +2 cloak "Bosuosh" {Rampage Drain rN++
                  | Stlth+} (Okawaru gifted it to you on level 1 of the Elven
                  | Halls)
 40116 | Elf:1    | Received a gift from Okawaru
 40327 | Elf:1    | Found Saf Eshro's Antique Armour Boutique.
 40547 | Elf:1    | Noticed a Hell Sentinel
 41427 | Elf:2    | Reached XP level 19. HP: 181/181 MP: 12/21
 41578 | Elf:2    | Identified the +1 scale mail of a bazaar {Regen+ Int+3
                  | Slay-3} (Okawaru gifted it to you on level 2 of the Elven
                  | Halls)
 41578 | Elf:2    | Received a gift from Okawaru
 41743 | Elf:2    | Found a runed translucent gate.
 41744 | Elf:2    | Found a runed translucent gate.
 41744 | Elf:2    | Found a runed translucent gate.
 41997 | Elf:3    | Entered Level 3 of the Elven Halls
 42026 | Elf:3    | Found Zahiagui's General Store.
 42059 | Elf:3    | Found Irhacisu's CLEARANCE SALE!.
 42068 | Elf:3    | Found Cumiapua's Weapon Emporium.
 42068 | Elf:3    | Paralysed by an air elemental for 1 turns
 42069 | Elf:3    | Found Taotub Gonga's Book Emporium.
 42071 | Elf:3    | Paralysed by an air elemental for 1 turns
 42109 | Elf:3    | Found a flickering gateway to a bazaar.
 42115 | Bazaar   | Entered a bazaar
 42115 | Bazaar   | Found Plog's Distillery.
 42115 | Bazaar   | Found Wiyd's Magic Scroll Emporium.
 42116 | Bazaar   | Found Gaallyr's Armour Shoppe.
 42116 | Bazaar   | Found Soschiel's General Store.
 42155 | Bazaar   | Bought the +2 plate armour of the Blue Skies {-Cast Will++
                  | rCorr Slay+3} for 655 gold pieces
 42159 | Bazaar   | Bought a potion of mutation for 136 gold pieces
 42159 | Bazaar   | Bought a potion of mutation for 136 gold pieces
 42159 | Bazaar   | Bought a potion of mutation for 136 gold pieces
 42159 | Bazaar   | Bought a potion of heal wounds for 85 gold pieces
 42159 | Bazaar   | Bought a potion of heal wounds for 85 gold pieces
 42159 | Bazaar   | Bought a potion of curing for 51 gold pieces
 42165 | Bazaar   | Bought a scroll of teleportation for 36 gold pieces
 42276 | Elf:3    | Found Huigicuott's Assorted Antiques.
 42393 | Elf:3    | Bought a scroll of blinking for 142 gold pieces
 42896 | Elf:3    | Noticed a Brimstone Fiend
 42896 | Elf:3    | Identified the +10 double sword "Akkeeq" {freeze, Str+4}
                  | (Okawaru gifted it to you on level 3 of the Elven Halls)
 42896 | Elf:3    | Received a gift from Okawaru
 42995 | Elf:3    | Identified the amulet "Ripsoh" {Acrobat Rampage Dex+4}
 43085 | Elf:3    | Identified the ring of Ovifac {rN+ rCorr MP+9 Int+3}
 43172 | Elf:3    | Identified the +0 robe "Mene" {rElec rF+ Will+}
 43172 | Elf:3    | Identified the ring "Pofek Akh" {rF+ rN+ Str-5 Dex+3
                  | Slay+2}
 43183 | Elf:3    | Found the +6 lightning scales {swift, rElec}
 43190 | Elf:3    | Identified the +0 ring mail "Otupur" {Str+5 Dex+4}
 43284 | Elf:3    | Got the Almanac of Air
 44082 | Vaults:1 | Entered Level 1 of the Vaults
 44222 | Vaults:1 | Identified the +1 ring mail of Prudence {rElec rPois rF+
                  | Stlth+} (Okawaru gifted it to you on level 1 of the Vaults)
 44222 | Vaults:1 | Received a gift from Okawaru
 44311 | Vaults:1 | Found Coluh's Assorted Antiques.
 44473 | Vaults:1 | Reached XP level 20. HP: 154/193 MP: 13/22
 45144 | Vaults:1 | Identified the +6 fustibalus of Articulation {venom, Int+4}
 45559 | Vaults:2 | Received a gift from Okawaru
 45768 | Vaults:2 | Identified the +6 triple sword of Nisog {drain, rPois
                  | Int+2} (Okawaru gifted it to you on level 2 of the Vaults)
 45768 | Vaults:2 | Received a gift from Okawaru
 46155 | Vaults:2 | Got the Incunabulum of Shape Shifting
 46198 | Vaults:2 | Found a staircase to the Crypt.
 46198 | Vaults:2 | Found a basalt altar of Yredelemnul.
 46198 | Vaults:2 | Found an ancient bone altar of Kikubaaqudgha.
 46427 | Vaults:2 | Received a gift from Okawaru
 46999 | Vaults:3 | Received a gift from Okawaru
 47076 | Vaults:3 | Identified the +0 robe of Ethics {rElec rN+} (Okawaru
                  | gifted it to you on level 3 of the Vaults)
 47076 | Vaults:3 | Received a gift from Okawaru
 47595 | Vaults:3 | Reached skill level 27 in Shields
 47606 | Vaults:3 | Reached XP level 21. HP: 203/203 MP: 14/23
 48527 | Vaults:4 | Received a gift from Okawaru
 48734 | Vaults:4 | Cast into level 2 of the Abyss (a wizard)
 48735 | Abyss:2  | Found a corrupted altar of Lugonu.
 48766 | Vaults:4 | Escaped the Abyss
 49268 | Vaults:5 | Entered Level 5 of the Vaults
 49563 | Vaults:5 | Noticed a dread lich
 49568 | Vaults:5 | Killed a dread lich
 49569 | Vaults:5 | Noticed a golden dragon
 49575 | Vaults:5 | Identified the ring of Perfectionism {Will+ Slay+3 SInv}
 49814 | Vaults:5 | Identified the +4 great sword "Dobroip" {vorpal, *Rage
                  | rElec rF+ Dex+2}
 49905 | Vaults:5 | Reached skill level 5 in Invocations
 49977 | Vaults:5 | Identified the +1 crystal plate armour "Zisusk" {rElec
                  | Str-3 Int+4 Stlth+} (Okawaru gifted it to you on level 5 of
                  | the Vaults)
 49977 | Vaults:5 | Received a gift from Okawaru
 49986 | Vaults:5 | Reached XP level 22. HP: 203/217 MP: 15/24
 49989 | Vaults:5 | Killed a golden dragon
 51123 | Vaults:5 | Noticed a golden dragon
 51137 | Vaults:5 | Killed a golden dragon
 51246 | Vaults:5 | Noticed a golden dragon
 51357 | Vaults:4 | Killed a golden dragon
 51492 | Vaults:5 | Identified the +0 plate armour "Garefy" {Harm}
 51534 | Vaults:5 | Received a gift from Okawaru
 51801 | Vaults:5 | Got a silver rune of Zot
 52395 | Elf:1    | Bought masterwork pearl dragon scales for 3208 gold pieces
 52395 | Elf:1    | Identified the +8 pearl dragon scales "Guanizee" {Fly rN+
                  | SInv Stlth+} (You bought it in a shop on level 1 of the
                  | Elven Halls)
 53143 | Crypt:1  | Entered Level 1 of the Crypt
 53360 | Crypt:1  | Noticed a royal mummy
 53362 | Crypt:1  | Noticed Khufu
 53365 | Crypt:1  | Noticed a royal mummy
 53368 | Crypt:1  | Killed a royal mummy
 53776 | Crypt:1  | Noticed Aizul
 53781 | Crypt:1  | Killed Aizul
 54276 | Crypt:1  | Killed a royal mummy
 54293 | Crypt:1  | Killed Khufu
 54596 | Crypt:1  | Received a gift from Okawaru
 54714 | Crypt:2  | Noticed Jory
 54727 | Crypt:2  | Killed Jory
 54733 | Crypt:2  | Reached XP level 23. HP: 221/227 MP: 16/25
 54744 | Crypt:2  | Identified a scroll of acquirement
 55272 | Crypt:2  | Noticed Boris
 55277 | Crypt:2  | Killed Boris
 55444 | Crypt:3  | Entered Level 3 of the Crypt
 55903 | Crypt:3  | Received a gift from Okawaru
 56529 | Crypt:3  | Found a staircase to the Tomb.
 56724 | Crypt:3  | Found a basalt altar of Yredelemnul.
 56726 | Crypt:3  | Found an ancient bone altar of Kikubaaqudgha.
 56770 | Crypt:3  | Identified the ring "Pamial" {rF- Will+ Str+6 Int+2}
 56970 | Crypt:3  | Acquired the +3 crown of Dyrovepreva {rElec Int+2 SInv}
 56970 | Crypt:3  | Found the +3 crown of Dyrovepreva {rElec Int+2 SInv}
 57571 | Depths:1 | Entered Level 1 of the Depths
 57780 | Depths:1 | Found a white marble altar of Elyvilon.
 57924 | Depths:1 | Found a one-way gate to the infinite horrors of the Abyss.
 58030 | Depths:1 | Found a burning altar of Makhleb.
 58108 | Depths:1 | Found a gateway to Hell.
 58252 | Depths:1 | Identified the +1 double sword of Okawaru's Hatred {flame,
                  | rCorr} (Okawaru gifted it to you on level 1 of the Depths)
 58252 | Depths:1 | Received a gift from Okawaru
 58597 | Depths:2 | Found a one-way gate leading to the halls of Pandemonium.
 58915 | Depths:2 | Noticed Asterion
 58923 | Depths:2 | Killed Asterion
 58959 | Depths:2 | Received a gift from Okawaru
 58999 | Depths:2 | Found a one-way gateway to a ziggurat.
 59013 | Depths:2 | Reached XP level 24. HP: 247/247 MP: 16/25
 59050 | Depths:2 | Found Xionumi's Jewellery Emporium.
 59050 | Depths:2 | Found Dovemat's Assorted Antiques.
 59123 | Depths:2 | Found a runed translucent door.
 59125 | Depths:2 | Noticed Flure's ghost (veteran KoBr)
 59481 | Depths:2 | Found a hide-covered altar of Uskayaw.
 59566 | Depths:2 | Killed Flure's ghost
 60070 | Depths:3 | Reached skill level 27 in Fighting
 60537 | Depths:3 | Reached skill level 27 in Long Blades
 60756 | Depths:3 | Identified the +4 scale mail of Past Mistakes {Will- Str+4}
                  | (Okawaru gifted it to you on level 3 of the Depths)
 60756 | Depths:3 | Received a gift from Okawaru
 61059 | Depths:3 | Found The Legendary Ceymev's Legendary Smithy.
 61115 | Depths:3 | Found an iron altar of Okawaru.
 61150 | Depths:3 | Found Qedusab's Miraculous Elixirs.
 61205 | Depths:3 | Found Ojoelev's General Store.
 61332 | Depths:3 | Found a radiant altar of Vehumet.
 61385 | Depths:4 | Entered Level 4 of the Depths
 61420 | Depths:4 | Reached skill level 10 in Dodging
 61751 | Depths:4 | Found a gate to the Realm of Zot.
 61853 | Depths:4 | Noticed Boris
 61862 | Depths:4 | Killed Boris
 62342 | Depths:4 | Identified the +10 flail "Huomukew" {vorpal, rElec}
 62417 | Depths:4 | Reached XP level 25. HP: 257/257 MP: 17/26
 64136 | Slime:1  | Entered Level 1 of the Pits of Slime
 64151 | Slime:1  | Gained mutation: Your body sometimes deteriorates upon
                  | taking damage. [a shining eye]
 64160 | Slime:1  | Gained mutation: Your magical capacity is low. (-10% MP) [a
                  | shining eye]
 64165 | Slime:1  | Received a gift from Okawaru
 64426 | Slime:5  | Entered Level 5 of the Pits of Slime
 64458 | Slime:5  | Gained mutation: You sometimes lose the ability to read
                  | scrolls when taking damage. [a shining eye]
 64680 | Slime:5  | Gained mutation: You are weak. (Str -2) [a shining eye]
 64682 | Slime:5  | Gained mutation: Armour fits poorly on your strangely
                  | shaped body. [a shining eye]
 64949 | Slime:5  | Found a viscous altar of Jiyva.
 64950 | Slime:5  | Found the +4 skin of Zhor {*Englaciate rC+++ SInv}
 64950 | Slime:5  | Noticed the Royal Jelly
 64955 | Slime:5  | Received a gift from Okawaru
 64988 | Slime:5  | Killed the Royal Jelly
 65026 | Slime:5  | Identified the +7 scimitar of Pain and Death {vamp, Will++
                  | MP-9}
 65046 | Slime:5  | Got Sif Muna's Compendium of Enchanting Toxins
 65062 | Slime:5  | Got a slimy rune of Zot
 65083 | Slime:5  | Identified the +1 scale mail of the Grape {rPois Regen+}
 65085 | Slime:5  | Identified the ring of the City {rN+ MP+9 Int+4 Stlth+}
 65111 | Slime:5  | Identified the +0 ring mail "Apoma" {Int+7}
 65127 | Slime:5  | Got the Almanac of Unstable Heat
 65476 | D:9      | Lost mutation: Your body sometimes deteriorates upon taking
                  | damage. [potion of mutation]
 65476 | D:9      | Lost mutation: You sometimes lose the ability to read
                  | scrolls when taking damage. [potion of mutation]
 65476 | D:9      | Lost mutation: Armour fits poorly on your strangely shaped
                  | body. [potion of mutation]
 65476 | D:9      | Gained mutation: You are robust. (+10% HP) [potion of
                  | mutation]
 66359 | Zot:1    | Entered Level 1 of the Realm of Zot
 67614 | Zig:1    | Entered Level 1 of a ziggurat
 67621 | Zig:1    | Paralysed by a wendigo for 1 turns
 67691 | Zig:2    | Entered Level 2 of a ziggurat
 67712 | Zig:2    | Identified the +7 eveningstar of the Inquisitive Wars
                  | {freeze, Str+2 SInv}
 67822 | Zig:3    | Entered Level 3 of a ziggurat
 67857 | Zig:3    | Identified the +1 morningstar "Dragonslayer" {spect,
                  | Stlth+}
 67882 | Zig:4    | Entered Level 4 of a ziggurat
 67993 | Zig:4    | Reached skill level 1 in Conjurations
 67993 | Zig:4    | Reached skill level 1 in Transmutations
 67993 | Zig:4    | Reached skill level 1 in Ice Magic
 67993 | Zig:4    | Reached skill level 1 in Air Magic
 67993 | Zig:4    | Reached skill level 1 in Earth Magic
 67993 | Zig:4    | Reached skill level 1 in Poison Magic
 67993 | Zig:4    | Reached XP level 26. HP: 292/292 MP: 15/24
 68100 | Zig:5    | Entered Level 5 of a ziggurat
 68147 | Zig:5    | Identified the ring "Aselics" {MP+9 Dex+4}
 68271 | Zig:6    | Entered Level 6 of a ziggurat
 68295 | Zig:6    | Received a gift from Okawaru
 68295 | Zig:6    | Found the +3 pair of seven-league boots {Rampage+∞}
 68342 | Zig:6    | Identified the ring "Neawutt" {Ice Slay+4}
 68357 | Zig:7    | Entered Level 7 of a ziggurat
 68400 | Zig:7    | Identified the +7 shortbow "Plog" {venom, Int+4}
 68535 | Zig:8    | Entered Level 8 of a ziggurat
 68601 | Zig:8    | Reached skill level 1 in Hexes
 68601 | Zig:8    | Reached skill level 1 in Summonings
 68601 | Zig:8    | Reached skill level 1 in Fire Magic
 68601 | Zig:8    | Reached XP level 27. HP: 300/300 MP: 15/24
 68626 | Zig:9    | Entered Level 9 of a ziggurat
 68636 | Zig:9    | Noticed a royal mummy
 68650 | Zig:9    | Killed a royal mummy
 68651 | Zig:9    | Reached skill level 5 in Stealth
 68836 | Zig:9    | Identified the ring "Mucig" {*Corrode rElec rN+ Dex+4}
 68973 | Zig:10   | Entered Level 10 of a ziggurat
 69099 | Zig:11   | Entered Level 11 of a ziggurat
 69107 | Zig:11   | Noticed an orb of fire
 69112 | Zig:11   | Noticed an orb of fire
 69116 | Zig:11   | Noticed an orb of fire
 69121 | Zig:11   | Gained mutation: You have supernaturally acute eyesight.
                  | (SInv) [an orb of fire]
 69125 | Zig:11   | Lost mutation: You are robust. (+10% HP) [an orb of fire]
 69128 | Zig:11   | Killed an orb of fire
 69134 | Zig:11   | Gained mutation: You are frail. (-10% HP) [an orb of fire]
 69146 | Zig:11   | Killed an orb of fire
 69157 | Zig:11   | Killed an orb of fire
 69254 | Zig:11   | Identified the amulet "Eriopeur" {Faith Regen+}
 69258 | Zig:11   | Identified the amulet "Winkubruer" {Faith rN+ Will+ Int+2
                  | Dex+3}
 69266 | Zig:11   | Identified the +9 halberd "Bumupe" {freeze, rC++ Str+4}
 69271 | Zig:11   | Identified the +12 spear of Woe {flame, *Rage rF+ rC+
                  | Stlth+}
 69318 | Zig:12   | Entered Level 12 of a ziggurat
 69365 | Zig:12   | Noticed an ancient lich
 69387 | Zig:12   | Killed an ancient lich
 69499 | Zig:12   | Identified the +0 chain mail of New Discoveries {Str+2}
 69533 | Zig:13   | Entered Level 13 of a ziggurat
 69555 | Zig:13   | Noticed Onnes the pandemonium lord
 69556 | Zig:13   | Noticed Podeacem the pandemonium lord
 69566 | Arena    | Entered the Arena
 69570 | Arena    | Killed Podeacem the pandemonium lord
 69585 | Zig:13   | Noticed Beofoupt the pandemonium lord
 69595 | Zig:13   | Killed Beofoupt the pandemonium lord
 69595 | Zig:13   | Identified the +2 pair of gloves "Isipp" {rF+ Regen+ Int+3}
                  | (Okawaru gifted it to you on level 13 of a ziggurat)
 69595 | Zig:13   | Received a gift from Okawaru
 69613 | Zig:13   | Killed Onnes the pandemonium lord
 69614 | Zig:13   | Reached skill level 27 in Armour
 69646 | Zig:13   | Found the +18 shield of the Gong {rElec rN+ Will+ EV-5}
 69688 | Zig:13   | Identified the +5 scale mail "Erufekkir" {rF+ Will+ rCorr}
 69700 | Zig:13   | Identified the ring "Asaaripe" {rN++ MP+9 Dex+6}
 69756 | Zig:14   | Entered Level 14 of a ziggurat
 69794 | Arena    | Entered the Arena
 70172 | Zig:14   | Identified the +4 ring mail "Jiboraoh" {Drain +Inv Regen+
                  | Int+3}
 70295 | Zig:15   | Entered Level 15 of a ziggurat
 70435 | Zig:15   | Found the +5 scythe "Finisher" {speed, eviscerate}
 70438 | Zig:15   | Identified the amulet of Kojuegg {Faith rF++ Str+2}
 70441 | Zig:15   | Got Weptuvvi's Tome of Confrontation
 70453 | Zig:15   | Identified the ring "Wity" {rElec rF- rN+ rCorr Str+8}
 70455 | Zig:15   | Identified the +9 dagger of the Screaming Oracle {venom,
                  | *Slow rC+ rN++}
 70584 | Zig:16   | Entered Level 16 of a ziggurat
 70636 | Zig:16   | Reached skill level 10 in Invocations
 70697 | Zig:16   | Received a gift from Okawaru
 70784 | Zig:16   | Found the +8 Wrath of Trog {antimagic, *Rage Rampage}
 70797 | Zig:16   | Identified the +7 plate armour of the Storm King {Int+4}
 70842 | Zig:16   | Acquired 987 gold pieces
 70858 | Zig:17   | Entered Level 17 of a ziggurat
 70891 | Arena    | Entered the Arena
 70970 | Zig:17   | HP: 11/245 [burnt (2)]
 70970 | Zig:17   | HP: 4/245 [balrug/bolt of fire (10)]
 70972 | Zig:17   | HP: 1/245 [searing wretch (6)]
 70972 | Zig:17   | Mangled by a searing wretch

Illustrated notes

Levels and vault maps discovered:
D:1:      lightli_arrival_maybe_door_vault, layout_loops_corners,
          ebering_ecumenical_altar_box
D:2:      layout_loops_ring, basic_altar, minmay_door_square,
          small_statue_intersection
D:3:      layout_basic
D:4:      layout_layer_cave, serial_shops, shop, uniq_robin
D:5:      layout_basic, mainiacjoe_overflow_alcove_4, minmay_temple_entry_hall,
          lightli_sewer_entry_pipes, serial_shops, shop_statue
D:6:      minmay_octagon_keep, layout_gridville, uniq_grinder
D:7:      layout_cave_pools
D:8:      layout_basic, david_lair_generic, serial_shops, shop,
          minmay_misc_feat_chi, grunt_decor_arrowhead
D:9:      layout_long_grid, enter_bailey_4
D:10:     layout_basic, david_defended_altar_orc, uniq_joseph, uniq_snorg
D:11:     layout_loops_ring, orc_0_dummy, portal_ice_cave_entry_pillars_1,
          grunt_ogre_cave, hangedman_decor_push, jiyva_altar_1
D:12:     layout_rooms, chequers_serial_rivers_micro_e, chequers_avenue
D:13:     layout_roguey, muffindrake_ghost_dual_entry
D:14:     layout_rooms, david_vaults_5, nicolae_elevator_lobby_plus,
          serial_shops, shop, shop, nicolae_square_shop, uniq_louise,
          uniq_frances, uniq_rupert
D:15:     hangedman_depths_entry_try_elsewhere_first, layout_loops_ring,
          gauntlet_entry_generic, uniq_roxanne
Temple:   mainiacjoe_temple_archimedes_tessellation
Lair:1:   layout_regular_city, gammafunk_ghost_necromancy,
          grunt_forest_large_clearings
Lair:2:   layout_cave_pods, grunt_megastairs_5, uniq_fannar
Lair:3:   layout_hall_layers, guppyfry_snake_entry_garden,
          kennysheep_abandoned_house
Lair:4:   layout_regular_city, shoals_dummy_entry, gammafunk_ghost_arena,
          minmay_holes
Lair:5:   layout_cave_pods, grunt_megastairs_4, infiniplex_staircase_pool_2,
          serial_bayou_shore_b, uniq_sonja
Lair:6:   wormcave, layout_regular_city, slime_altar_2,
          nicolae_lair_liquid_snakes, lemuel_fruit_fields
Shoals:1: layout_shoals, uniq_josephine
Shoals:2: layout_shoals, nicolae_specific_store, uniq_nikola, uniq_donald
Shoals:3: layout_shoals, ldierk_geyser
Shoals:4: shoals_end_hellmonk_lost_city
Snake:1:  nicolae_snake_nest, layout_chambers
Snake:2:  layout_onion
Snake:3:  layout_rooms, serial_shops, shop
Snake:4:  snake_pit_salamanders_mu, layout_cave_town, serial_shops,
          shop_fountains, shop, nicolae_shop_window_shopping, minmay_shop_star
Slime:1:  layout_caves
Slime:2:  layout_caves
Slime:3:  layout_caves, basic_altar, nicolae_slime_welcoming_committee
Slime:4:  layout_caves, cheibrodos_slime_lost_civilization_7
Slime:5
Orc:1:    layout_caves, serial_shops, nicolae_shop_crystal, shop_fountains,
          nicolae_shop_advertising_works [nicolae_subvault_shop_adworks],
          mines2_david
Orc:2:    grunt_orc_cross, layout_caves, basic_altar, nicolae_shop_self_help
Elf:1:    minmay_the_grid_square_5x5_4x4 [minmay_the_grid_square_5x5_misaligned,
          minmay_the_grid_square_5x5_minimal,
          minmay_the_grid_square_5x5_broken_cross, minmay_the_grid_square_5x5_n,
          minmay_the_grid_square_5x5_shrine2,
          minmay_the_grid_square_5x5_prize_waves,
          minmay_the_grid_square_5x5_prize_itemx,
          minmay_the_grid_square_5x5_almost_minimal,
          minmay_the_grid_square_5x5_three_small,
          minmay_the_grid_square_5x5_prize_pseudospiral,
          minmay_the_grid_square_5x5_prize_gold,
          minmay_the_grid_square_5x5_tri_point,
          minmay_the_grid_square_5x5_trominoes,
          minmay_the_grid_square_5x5_spiral_small,
          minmay_the_grid_square_5x5_mess, minmay_the_grid_square_5x5_three],
          layout_loops_ring, serial_shops, nicolae_diamond_shop, minivault_28
Elf:2:    nicolae_elf_blades_crystal_corner, layout_rooms, special_room
          [special_room_mythical_zoo]
Elf:3:    minmay_elf_hall_furrowed, layout_rooms, serial_shops, bzr_entry_road,
          nicolae_shop_trees, shop, shop_statue, shop_fountains,
          amcnicky_mini_pool_small, nicolae_shop_clearance, grunt_megastairs_2
Vaults:1: vaults_dpeg_cross, vaults_room_hangedman_quadrants,
          nicolae_vaults_alarming, nicolae_vaults_little_squares_1, v_misc_4,
          v_misc_32, ontoclasm_vaults_loading_screen, vaults_room_semicircle,
          layout_vaults_chaotic_city, serial_shops, nicolae_shop_behind_doors
Vaults:2: nicolae_vaults_meeting, v_pattern_5, vaults_room_semicircle,
          v_rooms_3, hangedman_vaults_nails, nicolae_vaults_shelves_hall,
          minmay_crypt_entry_necro_gods, nicolae_vaults_diagonal_hallway_9,
          vaults_mumra_minichess, ontoclasm_vaults_tryst, layout_vaults_omnibox
Vaults:3: ontoclasm_vaults_gateway, v_misc_25, nicolae_vaults_specimen_jars,
          nicolae_vaults_disjoint_gnomons, hangedman_vaults_restitches,
          vaults_room_glass_cross, vaults_standard_mumra_x,
          nicolae_vaults_network_square, v_misc_1, nicolae_vaults_what_the_h,
          nicolae_vaults_ring_of_whatevers, grunt_vaults_diagonal,
          vaults_room_door_ring, layout_vaults_maze_snakey
Vaults:4: grunt_vaults_focal, grunt_vaults_twisty, vaults_room_grid,
          hangedman_vaults_capsules, hangedman_vaults_snaps,
          vaults_dpeg_diagonal, hangedman_vaults_nails,
          nicolae_vaults_network_barrier, v_misc_1, nicolae_vaults_statue_guard,
          ontoclasm_vaults_loading_screen, vaults_mumra_chevron,
          nicolae_vaults_rhombus_7, layout_vaults_ring
Vaults:5
Crypt:1:  layout_catacombs, grunt_crypt_arrival_split, uniq_khufu, uniq_aizul
Crypt:2:  layout_rooms, weyrava_lich_vault, uniq_jory
Crypt:3:  lightli_unholy_cathedral, layout_chaotic_city,
          nicolae_tomb_entry_unfolded_pyramid_diagonal
Depths:1: layout_gridville, pf_hell_entry_tar_spiral,
          nicolae_elyvilon_peaceful_grove, hangedman_abyss_entry_splay,
          makhleb_altar_promises_db
Depths:2: evilmike_horseshoe, layout_gridlike, enter_ziggurat_d, hell_entry,
          nicolae_uskayaw_murder_on_the_dancefloor,
          abyss_entry_small_statue_room, pan_entry, gammafunk_ghost_grave,
          minmay_staircase_bubble, minmay_shoptagon, serial_bayou_shore_b,
          serial_bayou_shore_a, uniq_asterion
Depths:3: grated_community_mu [grated_community_mu_vampire_home,
          grated_community_mu_giant_home, grated_community_mu_spellcaster_home,
          grated_community_mu_orcish_home, grated_community_mu_troll_home,
          grated_community_mu_taur_home, grated_community_mu_unbuilt_plot],
          layout_gridlike, grunt_mini_vestibule, abyss_entry, glass_columns_c,
          minmay_staircase_statues, serial_bayou_shore_b
Depths:4: grunt_twist_and_shout, layout_twisted_cross, grunt_hell_entry_dis_mu,
          pan_entry, serial_co_window_serial, co_window_cross_1,
          co_window_cross_1, co_window_paths_a, co_window_corner_a,
          co_window_paths_b, co_window_paths_a, co_window_of_opportunity_a,
          co_window_paths_c, co_window_of_opportunity_b, co_window_broadway_b,
          co_window_corner_b, co_window_corner_ca, co_window_corner_b,
          glass_columns_b, glass_columns_a, minmay_fountain_box,
          serial_bayou_shore_b
Zot:1:    grunt_zot_stairs_overgrown, layout_misc_corridors
Zot:2:    dreamdust_black_sun_cult, layout_cathedral_of_symmetry
Zig:17:   ziggurat_pillar_abc, ziggurat_pillar_abc, ziggurat_pillar_abc,
          ziggurat_pillar_abc

Skill      XL: |  1  2  3  4  5  6  7  8  9 10 11 12 13 14 15 16 17 18 19 20 21 22 23 24 25 26 27 |
---------------+----------------------------------------------------------------------------------+-----
Fighting       | 4 5 6 8 9 11 12 14 15 16 17 18 19 20 22 24 26 27 | 27.0
Shields        | 4 5 6 7 8 9 11 14 17 19 21 23 25 27 | 27.0
Armour         | 4 5 6 7 8 9 11 12 14 15 16 17 18 19 20 22 25 27 | 27.0
Long Blades    | 3 4 5 6 7 9 11 13 14 15 16 17 18 19 20 21 23 24 26 27 | 27.0
Dodging        | 1 2 3 4 5 6 7 9 10 12 13 | 13.3
Stealth        | 1 2 3 4 9 |  9.4
Invocations    | 1 2 3 4 5 6 11 | 11.2
Short Blades   | 1 2 3 |  3.0
Axes           | 1 2 |  2.5
Maces & Flails | 1 2 3 4 |  4.2
Polearms       | 1 2 |  2.6
Staves         | 1 2 |  2.5
Slings         | 1 2 |  2.5
Bows           | 1 2 |  2.4
Crossbows      | 1 2 |  2.2
Throwing       | 1 2 |  2.2
Unarmed Combat | 1 2 |  2.4
Spellcasting   | 1 |  1.6
Necromancy     | 1 |  1.7
Translocations | 1 |  1.9
Evocations     | 1 2 3 4 |  4.4
Conjurations   | 1 |  1.5
Transmutations | 1 |  1.6
Ice Magic      | 1 |  1.6
Air Magic      | 1 |  1.5
Earth Magic    | 1 |  1.8
Poison Magic   | 1 |  1.5
Hexes          | 1 |  1.3
Summonings     | 1 |  1.4
Fire Magic     | 1 |  1.5

Action                   |  1- 3 |  4- 6 |  7- 9 | 10-12 | 13-15 | 16-18 | 19-21 | 22-24 | 25-27 || total
-------------------------+-------+-------+-------+-------+-------+-------+-------+-------+-------++-------
Melee: Long sword        |    70 |   114 |   193 |       |       |       |       |       |       ||   377
       Headbutt          |     3 |    15 |    55 |   131 |   413 |   417 |   315 |   452 |   284 ||  2085
       Scimitar          |       |       |    90 |   439 |  1491 |  1446 |   192 |       |       ||  3658
       Whip              |       |       |       |    12 |    42 |       |       |       |       ||    54
       Double sword      |       |       |       |       |       |       |   878 |  1498 |   998 ||  3374
Throw: Throwing net      |       |       |       |     1 |       |       |       |       |       ||     1
Invok: Heroism           |       |       |     6 |    25 |    35 |    14 |     6 |     5 |    19 ||   110
       Duel              |       |       |       |       |       |       |       |       |     3 ||     3
Evoke: Wand              |       |       |       |       |     1 |       |       |     9 |     9 ||    19
  Use: Potion            |     1 |     2 |     1 |     6 |       |       |     2 |       |    36 ||    48
       Scroll            |       |     5 |     2 |    14 |    16 |     2 |     4 |     8 |    24 ||    75
 Stab: Distracted        |       |       |       |       |       |       |       |     1 |       ||     1
       Sleeping          |       |       |       |       |       |       |       |     1 |       ||     1
       Invisible         |       |       |       |       |       |       |       |       |     9 ||     9
Armor: Scale mail        |    26 |    40 |    15 |       |       |       |       |       |       ||    81
       Chain mail        |       |       |   121 |       |       |       |       |       |       ||   121
       Plate armour      |       |       |     9 |   224 |   602 |   352 |   331 |   170 |    93 ||  1781
       Pearl dragon scal |       |       |       |       |       |       |       |   172 |       ||   172
       Gold dragon scale |       |       |       |       |       |       |       |       |   403 ||   403
Dodge: Dodged            |    34 |    56 |   123 |   155 |   432 |   244 |   295 |   298 |   493 ||  2130
Block: Buckler           |    18 |    21 |    84 |    93 |       |       |       |       |       ||   216
       Kite shield       |       |       |       |    58 |   736 |       |       |       |       ||   794
       Tower shield      |       |       |       |       |   728 |  2144 |  1677 |  1852 |  1661 ||  8062
       Reflection        |       |       |       |       |       |   165 |   154 |    20 |       ||   339
